 Dungeon Crawl Stone Soup version 0.31-a0-229-g1fc7ce93e2 (webtiles) character file.

Game seed: 3656980377693594516

1777763 KimchiStew the Middleweight Champion (level 26, 246/246 HPs)
             Began as a Ghoul Monk on July 6, 2023.
             Was a High Priest of Okawaru.
             Escaped with the Orb
             ... and 3 runes!
             The game lasted 01:34:23 (59210 turns).

KimchiStew the Middleweight Champion (Ghoul Monk)  Turns: 59210, Time: 01:34:23

Health: 246/246    AC: 39    Str: 50    XL:     26   Next: 86%
Magic:  32/32      EV: 13    Int: 12    God:    Okawaru [*****.]
Gold:   6341       SH:  5    Dex:  8    Spells: 25/25 levels left

rFire   + +          +
                       - Unarmed
rCold   + + .        (no shield)
rNeg    + + +        V - +3 gold dragon scales
rPois   ∞            K - +4 helmet of Ijaor {rPois rCorr Slay+3 Stlth-}
rElec   +            c - +2 cloak of the Thief {*Fog Slay-2 SInv Stlth+}
rCorr   +            (no gloves)
SInv    +            N - +1 pair of boots of Responsibility {rPois rC- Str+9 Dex-3}
Will    ++...        w - amulet of the Crushed Yaks {Reflect Str+4 Int+3 Slay+3 SH+5} Stlth
                     Y - ring "Vucruiwu" {rPois rF++ rC+ Str+6}
HPRegen 0.61/turn    m - ring "Goesamy" {Fly rElec Will+ Str+8 Slay-2}
MPRegen 0.23/turn

%: reflection
@: flying, studying Unarmed Combat
A: claws 1, cold resistance 1, negative energy resistance 3, inhibited
regeneration, torment resistance 2, devour on kill
0: Orb of Zot
}: 3/15 runes: barnacled, silver, gossamer
a: Renounce Religion, Heroism, Finesse, Duel


You escaped.
You worshipped Okawaru.
Okawaru was extremely pleased with you.
You visited 9 branches of the dungeon, and saw 47 of its levels.
You visited the Abyss 1 time.
You also visited: Gauntlet and Ice Cave.

You collected 9120 gold pieces.
You spent 2779 gold pieces at shops.

Inventory:

Missiles
 d - 7 silver javelins
 k - 7 curare-tipped darts
 z - 18 javelins
 B - 5 silver boomerangs (quivered)
 M - a throwing net
Armour
 c - the +2 cloak of the Thief (worn) {*Fog Slay-2 SInv Stlth+}
   (You found it on level 5 of the Vaults)

   *Fog:      It may release a thick cloud of smoke when the wearer is hurt.
   Slay:      It affects your accuracy & damage with ranged weapons and melee
   (-2).
   SInv:      It lets you see invisible.
   Stlth:     It makes you more stealthy.
 K - the +4 helmet of Ijaor (worn) {rPois rCorr Slay+3 Stlth-}
   (You found it in a Gauntlet)

   Slay:      It affects your accuracy & damage with ranged weapons and melee
   (+3).
   rPois:     It protects you from poison.
   rCorr:     It protects you from acid and corrosion.
   Stlth:     It makes you less stealthy.
 N - the +1 pair of boots of Responsibility (worn) {rPois rC- Str+9 Dex-3}
   (Okawaru gifted it to you on level 11 of the Dungeon)

   Str:       It affects your strength (+9).
   Dex:       It affects your dexterity (-3).
   rC:        It makes you vulnerable to cold.
   rPois:     It protects you from poison.
 V - +3 gold dragon scales (worn)
 Z - a +2 buckler of fire resistance
Jewellery
 g - the ring of Finality {rElec AC+4 Int+5}
   (You found it on level 2 of the Depths)

   [ring of protection]

   AC:        It affects your AC (+4).
   Int:       It affects your intelligence (+5).
   rElec:     It insulates you from electricity.
 l - a ring of protection from fire
 m - the ring "Goesamy" (right claw) {Fly rElec Will+ Str+8 Slay-2}
   (You found it on level 3 of the Elven Halls)

   [ring of flight]

   Str:       It affects your strength (+8).
   Slay:      It affects your accuracy & damage with ranged weapons and melee
   (-2).
   rElec:     It insulates you from electricity.
   Fly:       It grants you flight.
   Will:      It increases your willpower.
 q - an amulet of magic regeneration
 w - the amulet of the Crushed Yaks (around neck) {Reflect Str+4 Int+3 Slay+3 SH+5}
   (You took it off a vault guard on level 5 of the Vaults)

   [amulet of reflection]

   It reflects blocked missile attacks.
   Str:       It affects your strength (+4).
   Int:       It affects your intelligence (+3).
   Slay:      It affects your accuracy & damage with ranged weapons and melee
   (+3).
   SH:        It affects your SH (+5).
 E - a ring of protection from cold
 S - the dreamshard necklace {Acrobat *Dream}
   (You found it on level 3 of the Elven Halls)

   [amulet of the acrobat]

   *Dream:    It absorbs a single lethal wound into itself, holding its wearer
   just short of death and releasing dream-creatures to guard them.
   It increases your evasion while moving and waiting.
 U - the ring "Egois" {rPois Will+ rCorr AC+4 Int+2}
   (You found it on level 3 of the Elven Halls)

   [ring of protection]

   AC:        It affects your AC (+4).
   Int:       It affects your intelligence (+2).
   rPois:     It protects you from poison.
   rCorr:     It protects you from acid and corrosion.
   Will:      It increases your willpower.
 Y - the ring "Vucruiwu" (left claw) {rPois rF++ rC+ Str+6}
   (You took it off a vault guard on level 5 of the Vaults)

   [ring of strength]

   Str:       It affects your strength (+6).
   rF:        It greatly protects you from fire.
   rC:        It protects you from cold.
   rPois:     It protects you from poison.
Wands
 i - a wand of quicksilver (28)
 j - a wand of flame (116)
 y - a wand of roots (31)
 I - a wand of paralysis (39)
 J - a wand of digging (24)
 W - a wand of mindburst (7)
 X - a wand of polymorph (12)
Scrolls
 a - 9 scrolls of fog
 b - 5 scrolls of fear
 e - 7 scrolls of vulnerability
 f - 7 scrolls of teleportation
 p - a scroll of torment
 t - 5 scrolls of immolation
 u - 6 scrolls of enchant weapon
 D - a scroll of blinking
 G - 2 scrolls of silence
 H - 7 scrolls of amnesia
 O - a scroll of brand weapon
 T - 8 scrolls of poison
Potions
 h - 7 potions of attraction
 n - 16 potions of curing
 o - 5 potions of heal wounds
 s - 10 potions of enlightenment
 v - 12 potions of brilliance
 x - 8 potions of ambrosia
 A - a potion of haste
 C - 2 potions of resistance
 L - 5 potions of magic
 Q - 2 potions of invisibility
 R - a potion of might
Miscellaneous
 F - a phial of floods
 P - a lightning rod (4/4)


   Skills:
 - Level 22.0 Fighting
 - Level 13.1 Throwing
 - Level 21.0 Armour
 + Level 17.8 Dodging
 - Level 4.0 Stealth
 - Level 8.0 Shields
 O Level 27 Unarmed Combat
 - Level 14.5 Invocations


You had 25 spell levels left.
You didn't know any spells.
Your spell library contained the following spells:

 Spells                   Type           Power      Damage    Failure   Level
 Freeze                   Ice            0%         1d3       78%         1
 Kiss of Death            Conj/Necr      0%         2d5       78%         1
 Magic Dart               Conj           0%         1d3       78%         1
 Necrotise                Necr           0%         1d4       78%         1
 Sandblast                Erth           0%         2d4       78%         1
 Shock                    Conj/Air       0%         1d3       78%         1
 Slow                     Hex            0%         N/A       78%         1
 Sting                    Tmut/Pois      0%         1d3       78%         1
 Blink                    Tloc           0%         N/A       89%         2
 Cigotuvi's Dreadful Rot  Necr/Pois/Air  0%         N/A       89%         2
 Ensorcelled Hibernation  Hex/Ice        0%         N/A       89%         2
 Passwall                 Tmut/Erth      0%         N/A       89%         2
 Poisonous Vapours        Pois/Air       0%         N/A       89%         2
 Scorch                   Fire           0%         2d5       89%         2
 Searing Ray              Conj           0%         2d4       89%         2
 Static Discharge         Conj/Air       0%         2-2/arc   89%         2
 Confusing Touch          Hex            0%         N/A       98%         3
 Dazzling Flash           Conj/Hex       0%         N/A       98%         3
 Frozen Ramparts          Ice            0%         1d1       98%         3
 Hailstorm                Conj/Ice       0%         3d3       98%         3
 Ignite Poison            Fire/Tmut/Pois 0%         N/A       98%         3
 Inner Flame              Hex/Fire       0%         N/A       98%         3
 Mephitic Cloud           Conj/Pois/Air  0%         N/A       98%         3
 Portal Projectile        Hex/Tloc       0%         N/A       98%         3
 Stone Arrow              Conj/Erth      0%         3d7       98%         3
 Swiftness                Air            0%         N/A       98%         3
 Vampiric Draining        Necr           0%         2d6       98%         3
 Volatile Blastmotes      Fire/Tloc      0%         2d10      98%         3
 Airstrike                Air            0%         2d(0-16)  100%        4
 Anguish                  Hex/Necr       0%         N/A       100%        4
 Cause Fear               Hex            0%         N/A       100%        4
 Dispel Undead            Necr           0%         3d6       100%        4
 Flame Wave               Conj/Fire      0%         2d4       100%        4
 Fulminant Prism          Conj/Hex       0%         3d5       100%        4
 Iskenderun's Mystic Bla  Conj/Tloc      0%         2d3       100%        4
 Leda's Liquefaction      Hex/Erth       0%         N/A       100%        4
 Manifold Assault         Tloc           0%         N/A       100%        4
 Olgreb's Toxic Radiance  Pois           0%         N/A       100%        4
 Petrify                  Tmut/Erth      0%         N/A       100%        4
 Sticky Flame             Conj/Fire      0%         2d3       100%        4
 Agony                    Necr           0%         N/A       100%        5
 Fireball                 Conj/Fire      0%         3d3       100%        5
 Freezing Cloud           Conj/Ice/Air   0%         6-21      100%        5
 Irradiate                Conj/Tmut      0%         3d11      100%        5
 Iskenderun's Battlesphe  Conj           0%         2d6       100%        5
 Lee's Rapid Deconstruct  Erth           0%         3d4*      100%        5
 Metabolic Englaciation   Hex/Ice        0%         N/A       100%        5
 Conjure Ball Lightning   Conj/Air       0%         3x3d6     100%        6
 Dispersal                Tloc           0%         N/A       100%        6
 Starburst                Conj/Fire      0%         6d3       100%        6
 Enfeeble                 Hex            0%         N/A       100%        7
 Orb of Destruction       Conj           0%         9d5       100%        7
 Ozocubu's Refrigeration  Ice            0%         4d7       100%        7
 Discord                  Hex            0%         N/A       100%        8
 Disjunction              Tloc           0%         N/A       100%        8
 Ignition                 Fire           0%         3d3       100%        8
 Lehudib's Crystal Spear  Conj/Erth      0%         10d2      100%        8
 Maxwell's Capacitive Co  Air            0%         ∞         100%        8
 Sublimation of Blood     Necr           Unusable   N/A       N/A         2
 Spider Form              Tmut/Pois      Unusable   N/A       N/A         3
 Tukima's Dance           Hex            Unusable   N/A       N/A         3
 Animate Armour           Summ/Erth      Unusable   N/A       N/A         4
 Summon Ice Beast         Ice/Summ       Unusable   N/A       N/A         4
 Summon Lightning Spire   Summ/Air       Unusable   N/A       N/A         4
 Blade Hands              Tmut           Unusable   N/A       N/A         5
 Statue Form              Tmut/Erth      Unusable   N/A       N/A         6
 Summon Cactus Giant      Summ           Unusable   N/A       N/A         6
 Dragon Form              Tmut           Unusable   N/A       N/A         7
 Storm Form               Tmut/Air       Unusable   N/A       N/A         7

Dungeon Overview and Level Annotations

Branches:
Dungeon (15/15)            Temple (0/1) D:7            Lair (5/5) D:11
 Shoals (4/4) Lair:3       Spider (4/4) Lair:2        Slime (0/5) Lair:5
    Orc (2/2) D:11            Elf (3/3) Orc:2        Vaults (5/5) D:14
  Crypt (0/3) Vaults:2     Depths (4/4) D:15            Zot (5/5) Depths:4
  IceCv (visited)         Gauntlet (visited)

Altars:
Dithmenos
Fedhas
Gozag
Kikubaaqudgha
Nemelex Xobeh
Okawaru
Ru
Uskayaw
Vehumet
Wu Jian
Xom
Jiyva
Lugonu

Shops:
D:3 !**?*   D:13 !![*   D:15 (   Orc:1 =   Orc:2 :=*[   Vaults:1 ?   Depths:2 (
Depths:3 *

Portals:
Hell: Depths:1 Depths:2 Depths:3 Depths:4
Abyss: Lair:5 Depths:3
Pandemonium: Depths:2 Depths:3 Depths:4
Ziggurat: Depths:4

Annotations:
Lair:5 1 runed translucent door
Shoals:2 1 runed translucent door
Depths:2 2 transporters, 1 runed translucent door, exclusions: door and 2 orange crystal statues, Cetil's ghost, veteran MfIE; Qemnul's ghost, veteran MfIE; Ulof's ghost, adept HOMo


Innate Abilities, Weirdness & Mutations

You are immune to poison.
You have sharp fingernails.
Your flesh is cold resistant. (rC+)
You are immune to negative energy. (rN+++)
You do not regenerate when monsters are visible.
You are immune to unholy pain and torment.
You thrive by killing the living.


Message History

Where to? (Enter - D:1 @ (x,y), ? - help)
What level of the Dungeon? (default 1, ? - help)
There is a stone staircase leading up here.
You fly upwards.
There is a stone staircase leading down here.
There is a stone staircase leading up here.
You fly upwards.
There is a stone staircase leading down here.
A blizzard demon comes into view.
Unknown command.
You eviscerate the blizzard demon!!!!
You kill the blizzard demon!
Okawaru accepts your kill.
No target in view!
No target in view!
No target in view!
Unknown command.
(D) Dungeon (T) Temple (L) Lair (A) Shoals (N) Spider Nest (M) Slime Pits (O) Orcish Mines (E) Elven Halls (V) Vaults (C) Crypt (U) Depths (H) Hell (Z) Zot
Where to? (Enter - D:1 @ (x,y), ? - help)
What level of the Dungeon? (default 1, ? - help) HP restored.
There is a stone staircase leading up here.
You fly upwards.
There is a stone staircase leading down here.
There is an open door here.
There is a staircase leading out of the dungeon here.
Unknown command.
(D) Dungeon (T) Temple (L) Lair (A) Shoals (N) Spider Nest (M) Slime Pits (O) Orcish Mines (E) Elven Halls (V) Vaults (C) Crypt (U) Depths (H) Hell (Z) Zot
Where to? (Enter - D:1 @ (x,y), ? - help)
What level of the Dungeon? (default 1, ? - help)
Okay, then.
Unknown command.
There is a staircase leading out of the dungeon here.
You have escaped!

#....>.......# #.............
#.##########.###.########..##
#.# ##.##...#######..# #.#
#.....#..........# #.#
######..##...########.# #.#
#.......###.## #.## #.#
#.#####'######## #####..
#.####.####...###...###...###
#...>.....#.@.....⌠.....⌠.#
######.####...###...###...#
#.## ##### ##### ##.##
#.(###...###...###...#
##...##.⌠.....⌠.....⌠.#
##.....#...###...###...#
####......##.## ##### #####
#.........#...###...###...#
#.##......#.⌠.....⌠.....⌠.#


There were no monsters in sight!

Vanquished Creatures
  3 dread liches
  An ancient lich (Zot:5)
  8 orbs of fire
  A juggernaut (Depths:3)
  Mara (Spider:4)
  3 Killer Klowns (Zot:5)
  Bai Suzhen (Spider:4)
  Vv (Depths:3)
  A curse toe (Zot:5)
  A caustic shrike (Depths:3)
  6 golden dragons
  Nikola (Shoals:1)
  the Enchantress (Depths:3)
  2 bone dragons (Depths:2)
  2 doom hounds (Depths:2)
  Arachne (Spider:3)
  2 electric golems (Zot:5)
  15 tentacled monstrosities
  28 Orb Guardians
  Jorgrun (Spider:1)
  2 deep elf blademasters (Elf:3)
  4 liches
  A walking crystal tome (Depths:3)
  Grunn (Depths:2)
  2 deep elf master archers (Elf:3)
  6 quicksilver dragons
  Gastronok (D:8)
  Asterion (Lair:2)
  7 titans
  A kraken (Shoals:4)
  5 death cobs
  5 ancient champions
  5 sphinxes
  Polyphemus (Shoals:3)
  Agnes (Vaults:2)
  Roxanne (Elf:3)
  4 draconian monks
  13 storm dragons
  4 shadow dragons
  10 tengu reavers
  Donald (Spider:1)
  2 emperor scorpions (Spider:4)
  5 draconian knights
  6 draconian scorchers
  An iron dragon (Vaults:5)
  9 frost giants
  7 fire giants
  A balrug (Depths:4)
  8 deep elf sorcerers
  3 draconian shifters
  3 ghost moths
  5 draconian stormcallers
  16 vault wardens
  An orc warlord (Vaults:2)
  3 deep elf elementalists (Elf:3)
  2 reapers
  6 green draconians
  21 ironbound preservers
  4 formless jellyfish
  5 very ugly things
  A juggernaut skeleton (Depths:2)
  4 spriggan defenders
  5 draconian annihilators
  2 broodmothers
  A war gargoyle (Vaults:5)
  13 stone giants
  4 deep elf demonologists
  9 ironbound thunderhulks
  Azrael (Spider:2)
  10 white draconians
  Nessos (D:12)
  5 black draconians
  14 dire elephants
  A minotaur (Gauntlet)
  10 deep elf annihilators
  6 red draconians
  6 spark wasps
  6 yellow draconians
  4 deep elf death magi
  5 purple draconians
  A blizzard demon (D:2)
  4 crystal guardians
  5 merfolk impalers
  13 ettins
  5 merfolk javelineers (Shoals:4)
  9 entropy weavers
  8 fire dragons
  13 yaktaur captains
  6 great orbs of eyes
  7 deep elf high priests
  6 ice dragons
  Fannar (D:11)
  28 vault guards
  Josephine (D:11)
  6 hydras
  Harold (D:8)
  2 rakshasas
  5 peacekeepers
  6 ogre magi
  3 spriggan air magi (Depths:3)
  Erica (D:11)
  A spriggan skeleton (Depths:2)
  4 catoblepae
  A radroach (Spider:4)
  12 boulder beetles
  5 merfolk avatars
  17 centaur warriors
  A two-headed ogre (shapeshifter) (Depths:3)
  11 ironbound frosthearts
  16 two-headed ogres
  4 deep troll earth magi
  2 death knights (Vaults:2)
  6 merfolk aquamancers
  23 dancing weapons
  5 tengu warriors
  6 demonic crawlers
  5 deep troll shamans
  An orc high priest (Orc:1)
  10 death yaks
  3 thrashing horrors (Lair:5)
  4 spriggan berserkers
  32 hell knights
  2 soul eaters
  2 sun demons
  Nergalle (D:11)
  An iron troll (shapeshifter) (Vaults:5)
  19 deep elf knights
  A sixfirhy (D:11)
  6 iron trolls
  7 skysharks
  A fire crab (shapeshifter) (Elf:1)
  A shadow wraith (Vaults:5)
  4 skeletal warriors (D:14)
  46 deep trolls
  6 pharaoh ants
  4 sun moths
  10 sea snakes
  A flayed ghost (Depths:1)
  3 large abominations (Lair:5)
  10 deep elf archers
  Pikel (D:6)
  A glowing orange brain (Vaults:4)
  A shadow demon (Depths:2)
  9 orb spiders
  33 deep elf zephyrmancers
  10 necromancers
  5 phantasmal warriors (Vaults:5)
  7 lindwurms
  10 wizards
  21 harpies
  34 deep elf pyromancers
  13 steelbarb worms
  25 ironbound convokers
  19 wolf spiders
  A cyclops (shapeshifter) (D:13)
  A faun (shapeshifter) (Vaults:5)
  2 orc knights
  3 orc sorcerers
  A frost giant zombie (Depths:2)
  8 fauns
  9 cyclopes
  15 manticores
  32 ugly things
  A wolf spider (shapeshifter) (Vaults:5)
  A manticore (shapeshifter) (Vaults:5)
  17 moths of wrath
  2 ice statues (IceCv)
  A frost giant skeleton (Vaults:3)
  8 merfolk sirens
  4 rust devils
  5 water nymphs
  3 elephants (Lair:1)
  5 torpor snails
  9 black mambas
  A human skeleton (Vaults:3)
  11 vault sentinels
  An elephant (shapeshifter) (Elf:1)
  8 cane toads
  4 unseen horrors
  A gargoyle (D:11)
  Maggie (D:7)
  7 smoke demons
  A hellion (D:5)
  2 orange demons
  19 komodo dragons
  3 kobold demonologists
  2 rime drakes
  34 yaktaurs
  A yaktaur (shapeshifter) (Lair:5)
  7 tengu conjurers
  An anaconda simulacrum (IceCv)
  3 freezing wraiths
  2 ancient zymes (Lair:5)
  10 ice devils
  14 trolls
  7 meliai
  24 merfolk
  A merfolk (shapeshifter) (Vaults:5)
  A hornet (Depths:1)
  5 polar bears
  35 tarantellas
  8 wind drakes
  Grinder (D:4)
  A hellwing (Depths:4)
  22 blink frogs
  A frost giant simulacrum (Depths:2)
  14 snapping turtles
  5 dream sheep
  25 slime creatures
  31 jumping spiders
  16 water elementals
  3 air elementals
  Sigmund (D:5)
  A deep troll skeleton (Vaults:3)
  A shadow (D:11)
  45 yaks
  2 vampires (D:12)
  17 culicivoras
  A spriggan (shapeshifter) (Lair:5)
  5 spriggans
  3 wyverns
  8 wraiths
  A golden eye (shapeshifter) (Vaults:5)
  19 humans (D:14)
  4 fire elementals
  9 basilisks
  8 chaos spawn
  A steam dragon (D:9)
  47 redbacks
  A death yak simulacrum (IceCv)
  7 vampire mosquitoes
  3 wargs
  A neqoxec (Depths:2)
  A swamp worm (shapeshifter) (Vaults:5)
  A harpy simulacrum (IceCv)
  A hydra simulacrum (IceCv)
  21 water moccasins
  A glowing shapeshifter skeleton (Depths:2)
  2 acid dragons
  A hell hound (Spider:2)
  A floating eye (shapeshifter) (Depths:4)
  14 orc warriors
  7 black bears
  22 ogres
  11 wolves
  A boggart (D:14)
  8 centaurs
  3 kobold brigands
  2 human zombies (Vaults:3)
  Blork the orc (D:5)
  15 bullfrogs
  A glowing shapeshifter simulacrum (Depths:2)
  3 earth elementals
  3 cane toad simulacra (IceCv)
  3 scorpions (D:11)
  13 small abominations (Lair:5)
  7 wights
  3 two-headed ogre simulacra (IceCv)
  11 killer bees
  An electric eel (D:9)
  3 howler monkeys
  2 jellies (D:5)
  4 crimson imps (Depths:1)
  3 quasits (D:11)
  A gnoll bouda (D:8)
  9 orc priests
  A hound (D:6)
  A sleepcap (D:7)
  3 iguanas
  25 orc wizards
  2 polar bear simulacra (IceCv)
  2 troll simulacra (IceCv)
  A spriggan simulacrum (IceCv)
  A wolf simulacrum (IceCv)
  An adder (D:2)
  4 gnolls
  3 naga simulacra (IceCv)
  2 shadow imps
  14 white imps
  3 ufetubi
  2 worms (D:2)
  3 dart slugs
  63 orcs
  6 bats
  7 endoplasms
  2 giant cockroaches
  6 goblins
  9 hobgoblins
  3 jackals (D:5)
  18 kobolds
  2 quokkas
  6 ball pythons
  A frilled lizard (D:3)
  7 rats
2010 creatures vanquished.

Vanquished Creatures (others)
  A merfolk aquamancer (Shoals:2)
  A deep elf knight (Elf:1)
  A deep elf zephyrmancer (Elf:1)
  A merfolk siren (Shoals:1)
  A yaktaur (Vaults:4)
  A wind drake (Shoals:1)
  A culicivora (Spider:4)
  4 tentacles (Shoals:4)
11 creatures vanquished.

Grand Total: 2021 creatures vanquished

Notes
Turn   | Place    | Note
-------+----------+-------------------------------------------
     0 | D:1      | KimchiStew the Ghoul Monk began the quest for the Orb.
     0 | D:1      | Reached XP level 1. HP: 19/19 MP: 0/0
   201 | D:1      | Reached XP level 2. HP: 26/26 MP: 1/1
   527 | D:2      | Reached XP level 3. HP: 33/33 MP: 2/2
   637 | D:2      | Reached skill level 4 in Unarmed Combat
  1688 | D:2      | Reached XP level 4. HP: 40/40 MP: 3/3
  1965 | D:3      | Found an iron altar of Okawaru.
  1976 | D:3      | Became a worshipper of Warmaster Okawaru
  1976 | D:3      | Reached * piety under Okawaru
  1976 | D:3      | Reached ** piety under Okawaru
  2003 | D:3      | Noticed an ogre
  2013 | D:3      | Killed an ogre
  2014 | D:3      | Reached skill level 1 in Stealth
  2014 | D:3      | Reached skill level 5 in Unarmed Combat
  2014 | D:3      | Reached skill level 1 in Invocations
  2014 | D:3      | Reached XP level 5. HP: 47/47 MP: 1/4
  2056 | D:3      | Found Zin's Purification Station.
  2062 | D:3      | Bought a potion of curing for 90 gold pieces
  2207 | D:3      | Found Yhuisogh's General Store.
  2212 | D:3      | Found Xitofop's Assorted Antiques.
  2213 | D:3      | Found Ulinosk's Magic Scroll Shop.
  2227 | D:3      | Bought a scroll of noise for 14 gold pieces
  2294 | D:3      | Found Docorph's General Store.
  2342 | D:3      | Found a sparkling altar of Nemelex Xobeh.
  2431 | D:3      | Found Bayquip's Distillery.
  2659 | D:4      | Identified the +1 hand axe "Ufeas" {venom, +Blink Will+
                  | Str+3}
  3299 | D:4      | Noticed Grinder
  3313 | D:4      | Killed Grinder
  3314 | D:4      | Reached XP level 6. HP: 55/55 MP: 4/6
  3456 | D:5      | Entered Level 5 of the Dungeon
  3536 | D:5      | Reached skill level 5 in Fighting
  3536 | D:5      | Reached skill level 6 in Unarmed Combat
  3611 | D:5      | Reached XP level 7. HP: 61/61 MP: 7/7
  3793 | D:5      | Noticed Blork the orc
  3798 | D:5      | Killed Blork the orc
  3798 | D:5      | Reached *** piety under Okawaru
  3801 | D:5      | Noticed a two-headed ogre
  3893 | D:5      | Killed a two-headed ogre
  3894 | D:5      | Reached skill level 7 in Unarmed Combat
  3894 | D:5      | Reached XP level 8. HP: 70/70 MP: 6/10
  3904 | D:5      | Reached skill level 8 in Unarmed Combat
  4079 | D:5      | Noticed Sigmund
  4084 | D:5      | Killed Sigmund
  4274 | D:6      | You fall into a shaft and drop 1 floor!
  4461 | D:6      | Noticed Pikel
  4469 | D:6      | Killed Pikel
  4469 | D:6      | Reached **** piety under Okawaru
  4470 | D:6      | Reached skill level 9 in Unarmed Combat
  4470 | D:6      | Reached skill level 5 in Invocations
  4470 | D:6      | Reached XP level 9. HP: 79/79 MP: 10/12
  4575 | D:6      | Noticed a two-headed ogre
  4585 | D:6      | Killed a two-headed ogre
  4585 | D:6      | Reached ***** piety under Okawaru
  4586 | D:6      | Reached skill level 10 in Unarmed Combat
  4836 | D:7      | Noticed Maggie
  4848 | D:7      | Killed Maggie
  5094 | D:7      | Found a staircase to the Ecumenical Temple.
  5201 | D:3      | Bought a scratched agate ring for 130 gold pieces
  5231 | D:3      | Bought a potion of heal wounds for 55 gold pieces
  5261 | D:3      | Bought a scroll labelled ATREUN UPPO for 26 gold pieces
  5261 | D:3      | Bought a scroll labelled ROLACLE POEXKI for 26 gold pieces
  5662 | D:7      | Identified the +2 triple crossbow of the Extremes {freeze,
                  | rF++ Str+5} (Okawaru gifted it to you on level 7 of the
                  | Dungeon)
  5662 | D:7      | Received a gift from Okawaru
  5663 | D:7      | Reached skill level 1 in Armour
  5663 | D:7      | Reached XP level 10. HP: 67/88 MP: 12/14
  6072 | D:8      | Reached skill level 11 in Unarmed Combat
  6433 | D:8      | Noticed Gastronok
  6508 | D:8      | Killed Gastronok
  6978 | D:9      | Noticed Harold
  6978 | D:9      | Noticed a two-headed ogre
  7112 | D:8      | Killed Harold
  7113 | D:8      | Reached skill level 12 in Unarmed Combat
  7183 | D:9      | Killed a two-headed ogre
  7183 | D:9      | Reached ****** piety under Okawaru
  7184 | D:9      | Reached XP level 11. HP: 66/97 MP: 14/16
  7604 | D:9      | Found a hide-covered altar of Uskayaw.
  7807 | D:9      | Found a blossoming altar of Fedhas.
  7919 | D:10     | Entered Level 10 of the Dungeon
  8161 | D:10     | Noticed an ogre mage
  8590 | D:9      | Reached skill level 13 in Unarmed Combat
  8741 | D:10     | Noticed a two-headed ogre
  8747 | D:10     | Killed a two-headed ogre
  8767 | D:10     | Found an opulent altar of Gozag.
  8784 | D:10     | Found a shadowy altar of Dithmenos.
  8801 | D:10     | Paralysed by an ogre mage for 5 turns
  8809 | D:10     | Killed an ogre mage
  8809 | D:10     | Received a gift from Okawaru
  9115 | D:10     | Reached skill level 10 in Fighting
  9372 | D:11     | Reached skill level 5 in Armour
  9489 | D:11     | Identified the +1 pair of boots of Responsibility {rPois
                  | rC- Str+9 Dex-3} (Okawaru gifted it to you on level 11 of
                  | the Dungeon)
  9489 | D:11     | Received a gift from Okawaru
  9550 | D:11     | Found a staircase to the Lair.
  9664 | D:11     | Reached XP level 12. HP: 107/107 MP: 18/18
  9721 | D:11     | Noticed a sun demon
  9817 | D:11     | Reached skill level 14 in Unarmed Combat
 10111 | D:12     | Found a gate leading to a gauntlet.
 10120 | D:12     | Noticed a boulder beetle
 10133 | D:12     | Killed a boulder beetle
 10145 | Gauntlet | Entered a Gauntlet
 10145 | Gauntlet | Found a transporter.
 10145 | Gauntlet | Found a transporter.
 10153 | Gauntlet | Reached skill level 10 in Invocations
 10164 | Gauntlet | Found a transporter.
 10164 | Gauntlet | Found a transporter.
 10175 | Gauntlet | Found a transporter.
 10175 | Gauntlet | Found a transporter.
 10183 | Gauntlet | Found a runed translucent gate.
 10183 | Gauntlet | Found a runed translucent gate.
 10183 | Gauntlet | Found a runed translucent gate.
 10184 | Gauntlet | Noticed a catoblepas
 10195 | Gauntlet | Found a transporter.
 10195 | Gauntlet | Found a transporter.
 10218 | Gauntlet | Noticed a dire elephant
 10221 | Gauntlet | Found a transporter.
 10221 | Gauntlet | Found a transporter.
 10312 | Gauntlet | Found a transporter.
 10319 | Gauntlet | Identified the +11 battleaxe of Honour {elec, rElec rC+
                  | MP+9 Stlth-} (Okawaru gifted it to you in a Gauntlet)
 10319 | Gauntlet | Received a gift from Okawaru
 10324 | Gauntlet | Identified the +4 helmet of Ijaor {rPois rCorr Slay+3
                  | Stlth-}
 10329 | Gauntlet | Found a transporter.
 10347 | Gauntlet | Noticed a minotaur
 10387 | Gauntlet | Killed a minotaur
 10394 | Gauntlet | Identified the scarf "Fooqadgh" {harm, rCorr Str+6}
 10394 | Gauntlet | Identified the +2 chain mail of Patterns {rF+ Str+3}
 10437 | D:12     | Noticed a two-headed ogre
 10442 | D:12     | Killed a two-headed ogre
 10473 | D:12     | Noticed a boulder beetle
 10481 | D:12     | Killed a boulder beetle
 10623 | D:12     | Noticed Nessos
 10640 | D:12     | Killed Nessos
 10807 | D:12     | Noticed a boulder beetle
 10829 | D:12     | Killed a boulder beetle
 10894 | D:12     | Received a gift from Okawaru
 11193 | D:11     | Killed a sun demon
 11194 | D:11     | Reached XP level 13. HP: 107/117 MP: 20/20
 11351 | D:11     | Noticed Erica
 11359 | D:11     | Killed Erica
 11445 | D:11     | Found a staircase to the Orcish Mines.
 11521 | Lair:1   | Entered Level 1 of the Lair of Beasts
 11618 | Lair:1   | Reached skill level 15 in Unarmed Combat
 12225 | Lair:1   | Identified the +0 plate armour "Soumo" {MP+9 Dex+2}
                  | (Okawaru gifted it to you on level 1 of the Lair of Beasts)
 12225 | Lair:1   | Received a gift from Okawaru
 12721 | Lair:2   | Reached skill level 16 in Unarmed Combat
 12891 | Lair:2   | Found a hole to the Spider Nest.
 12908 | Lair:2   | Reached XP level 14. HP: 114/129 MP: 22/22
 13545 | Lair:3   | Found a staircase to the Shoals.
 13977 | Lair:4   | Found a frozen archway.
 14010 | IceCv    | Entered an ice cave
 14052 | IceCv    | Reached skill level 17 in Unarmed Combat
 14616 | IceCv    | Noticed a reaper
 14642 | IceCv    | Killed a reaper
 14642 | IceCv    | Identified the +1 plate armour of the Secret Stories {rF++}
                  | (Okawaru gifted it to you in an ice cave)
 14642 | IceCv    | Received a gift from Okawaru
 14726 | IceCv    | Got the Papyrus of the Deep Freeze
 15673 | Lair:5   | Entered Level 5 of the Lair of Beasts
 15692 | Lair:5   | Found a runed translucent door.
 15693 | Lair:5   | Found a viscous altar of Jiyva.
 15716 | Lair:5   | Found a staircase to the Slime Pits.
 15813 | Lair:5   | Reached skill level 10 in Armour
 15872 | Lair:5   | Found a sacrificial altar of Ru.
 15898 | Lair:5   | Reached skill level 18 in Unarmed Combat
 15966 | Lair:5   | Reached XP level 15. HP: 92/138 MP: 23/23
 16463 | Lair:5   | Identified the +2 trident "Demonbane" {drain, rF+ rN+ Str+5
                  | Dex-3}
 16546 | Lair:5   | Received a gift from Okawaru
 16649 | Lair:5   | Identified the +0 robe of Starshine {Str+3}
 16833 | Lair:5   | Found a corrupted altar of Lugonu.
 16833 | Lair:5   | Found a one-way gate to the infinite horrors of the Abyss.
 17325 | Orc:1    | Entered Level 1 of the Orcish Mines
 17363 | Orc:1    | Noticed Josephine
 17392 | Orc:1    | Noticed Nergalle
 17553 | D:11     | Killed Nergalle
 17554 | D:11     | Reached skill level 19 in Unarmed Combat
 17666 | Orc:1    | Noticed Fannar
 17673 | D:11     | Killed Josephine
 17696 | D:11     | Killed Fannar
 17885 | Orc:1    | Found Ypukex's Jewellery Boutique.
 18138 | Orc:2    | Entered Level 2 of the Orcish Mines
 18188 | Orc:2    | Reached skill level 15 in Fighting
 18188 | Orc:2    | Identified the +0 ring mail of the Mordant God {rC+ Regen+}
                  | (Okawaru gifted it to you on level 2 of the Orcish Mines)
 18188 | Orc:2    | Received a gift from Okawaru
 18226 | Orc:2    | Found Luts's Jewellery Shop.
 18314 | Orc:2    | Found Imot's Book Boutique.
 18315 | Orc:2    | Found Cuwamust's General Store.
 18324 | Orc:2    | Found a staircase to the Elven Halls.
 18352 | Orc:2    | Found Owkudy's Antique Armour Boutique.
 18357 | Orc:2    | Bought a scroll of poison for 64 gold pieces
 18405 | Orc:1    | Reached XP level 16. HP: 149/149 MP: 24/24
 18835 | Orc:2    | Bought the ring of the Orange Skies {rC+ rN+ Slay+3} for
                  | 585 gold pieces
 18960 | D:13     | Found Isaaweorie's Distillery.
 18973 | D:13     | Found Qigiq's Distillery.
 18981 | D:13     | Bought a potion of degeneration for 14 gold pieces
 18990 | D:13     | Bought a potion of heal wounds for 75 gold pieces
 19120 | D:13     | Reached skill level 20 in Unarmed Combat
 19155 | D:13     | Found Borghin's Antique Armour Boutique.
 19498 | D:13     | Found Avvuw's General Store.
 19501 | D:13     | Bought 5 boomerangs for 120 gold pieces
 19501 | D:13     | Bought a potion of curing for 36 gold pieces
 19501 | D:13     | Bought a scroll of fog for 48 gold pieces
 19501 | D:13     | Bought a scroll of fog for 48 gold pieces
 19812 | Abyss:3  | Cast into level 3 of the Abyss (a wizard)
 19817 | D:14     | Escaped the Abyss
 19888 | D:14     | Found a gate to the Vaults.
 19958 | D:14     | Found a hide-covered altar of Uskayaw.
 20296 | D:14     | Identified the scarf "Damnable Contraption" {harm, rN+
                  | Str+3} (Okawaru gifted it to you on level 14 of the
                  | Dungeon)
 20296 | D:14     | Received a gift from Okawaru
 20606 | D:14     | Noticed a sphinx
 20609 | D:14     | Paralysed by a sphinx for 5 turns
 20837 | D:14     | Paralysed by a sphinx for 5 turns
 20844 | D:14     | Killed a sphinx
 21021 | D:15     | Entered Level 15 of the Dungeon
 21205 | D:15     | Found a staircase to the Depths.
 21441 | D:15     | Identified the +8 short sword "Haeshruf" {freeze, rF+ rCorr
                  | SInv}
 21511 | D:15     | Reached skill level 21 in Unarmed Combat
 21664 | D:15     | Found Xaibbagg's Weapon Boutique.
 21802 | D:15     | Found a blossoming altar of Fedhas.
 22052 | Spider:1 | Entered Level 1 of the Spider Nest
 22052 | Spider:1 | Noticed Asterion
 22096 | Lair:2   | Killed Asterion
 22283 | Spider:1 | Identified the +1 acid dragon scales "Faxiocs" {rCorr
                  | Str+4} (Okawaru gifted it to you on level 1 of the Spider
                  | Nest)
 22283 | Spider:1 | Received a gift from Okawaru
 22296 | Spider:1 | Noticed Donald
 22311 | Spider:1 | Killed Donald
 22312 | Spider:1 | Reached skill level 1 in Throwing
 22312 | Spider:1 | Reached XP level 17. HP: 102/159 MP: 18/25
 22936 | Spider:1 | Noticed Jorgrun
 22950 | Spider:1 | Killed Jorgrun
 23567 | Spider:2 | Noticed Azrael
 23648 | Spider:2 | Killed Azrael
 24063 | Spider:2 | Identified a scroll of acquirement
 24177 | Spider:2 | Identified the +4 glaive "Tix Bas" {venom, Drain rElec
                  | Will+ Dex+4}
 24993 | Spider:3 | Reached skill level 5 in Throwing
 25000 | Spider:3 | Received a gift from Okawaru
 25279 | Spider:3 | Noticed Arachne
 25312 | Spider:3 | Killed Arachne
 25963 | Spider:4 | Entered Level 4 of the Spider Nest
 26502 | Spider:4 | Reached XP level 18. HP: 170/170 MP: 26/26
 26904 | Spider:4 | Noticed Mara
 27136 | Spider:4 | Noticed KimchiStew's illusion
 27143 | Spider:4 | Killed Mara
 27143 | Spider:4 | Received a gift from Okawaru
 27144 | Spider:4 | Reached skill level 22 in Unarmed Combat
 27562 | Spider:4 | Noticed Bai Suzhen
 27581 | Spider:4 | Killed Bai Suzhen
 27581 | Spider:4 | Received a gift from Okawaru
 27890 | Spider:4 | Got a gossamer rune of Zot
 27899 | Spider:4 | Acquired a +1 crystal plate armour
 28247 | Shoals:1 | Entered Level 1 of the Shoals
 28258 | Shoals:1 | Received a gift from Okawaru
 29009 | Shoals:1 | Noticed Nikola
 29036 | Shoals:1 | Killed Nikola
 29113 | Shoals:1 | Received a gift from Okawaru
 29598 | Shoals:2 | Received a gift from Okawaru
 29830 | Shoals:2 | Received a gift from Okawaru
 30055 | Shoals:2 | Found a runed translucent door.
 30475 | Shoals:3 | Reached XP level 19. HP: 175/179 MP: 27/27
 30502 | Shoals:3 | Reached skill level 10 in Throwing
 31197 | Shoals:4 | Entered Level 4 of the Shoals
 31238 | Shoals:4 | Noticed Polyphemus
 31398 | Shoals:3 | Killed Polyphemus
 31688 | Shoals:4 | Found the +12 glaive of Prune {freeze, Prune}
 32328 | Shoals:4 | Received a gift from Okawaru
 32348 | Shoals:4 | Got the Catalogue of the Frosty Evil Eye
 32862 | Shoals:4 | Got a barnacled rune of Zot
 33047 | Shoals:4 | Identified the +3 great mace of the Forest {antimagic,
                  | +Blink rPois Str-4} (Okawaru gifted it to you on level 4 of
                  | the Shoals)
 33047 | Shoals:4 | Received a gift from Okawaru
 33378 | Vaults:1 | Entered Level 1 of the Vaults
 33861 | Vaults:1 | Found Toseu's Magic Scroll Emporium.
 33870 | Vaults:1 | Bought a scroll of torment for 152 gold pieces
 33870 | Vaults:1 | Bought a scroll of enchant weapon for 120 gold pieces
 33870 | Vaults:1 | Bought a scroll of teleportation for 48 gold pieces
 33870 | Vaults:1 | Bought a scroll of fear for 64 gold pieces
 33870 | Vaults:1 | Bought a scroll of enchant armour for 120 gold pieces
 34097 | Vaults:1 | Received a gift from Okawaru
 35213 | Vaults:2 | Reached XP level 20. HP: 189/189 MP: 23/28
 35266 | Vaults:2 | Reached skill level 23 in Unarmed Combat
 35271 | Vaults:2 | Reached skill level 15 in Armour
 35689 | Vaults:2 | Noticed Agnes
 35709 | Vaults:2 | Killed Agnes
 35709 | Vaults:2 | Received a gift from Okawaru
 35824 | Vaults:2 | Reached skill level 5 in Dodging
 36179 | Vaults:2 | Found a staircase to the Crypt.
 37454 | Vaults:3 | Received a gift from Okawaru
 38009 | Vaults:3 | Received a gift from Okawaru
 38408 | Vaults:4 | Reached XP level 21. HP: 118/195 MP: 30/30
 38849 | Vaults:4 | Received a gift from Okawaru
 39037 | Vaults:4 | Received a gift from Okawaru
 39319 | Vaults:4 | Received a gift from Okawaru
 39425 | Vaults:4 | Received a gift from Okawaru
 40140 | Elf:1    | Entered Level 1 of the Elven Halls
 40243 | D:13     | Bought a potion of heal wounds for 70 gold pieces
 40243 | D:13     | Bought a potion of attraction for 42 gold pieces
 40247 | D:13     | Bought a potion of enlightenment for 75 gold pieces
 40247 | D:13     | Bought a potion of attraction for 45 gold pieces
 40247 | D:13     | Bought a potion of enlightenment for 75 gold pieces
 40247 | D:13     | Bought a potion of enlightenment for 75 gold pieces
 40247 | D:13     | Bought a potion of attraction for 45 gold pieces
 40381 | Elf:1    | Received a gift from Okawaru
 40661 | Elf:1    | You fall into a shaft and drop 1 floor!
 40880 | Elf:2    | Found a runed translucent gate.
 40880 | Elf:2    | Found a runed translucent gate.
 40881 | Elf:2    | Found a runed translucent gate.
 41162 | Elf:1    | Reached XP level 22. HP: 195/204 MP: 29/31
 41694 | D:3      | Bought a scroll of fog for 56 gold pieces
 41694 | D:3      | Bought a scroll of teleportation for 42 gold pieces
 41694 | D:3      | Bought a scroll of revelation for 105 gold pieces
 41694 | D:3      | Bought a scroll of enchant weapon for 105 gold pieces
 41694 | D:3      | Bought a scroll of fear for 56 gold pieces
 41694 | D:3      | Bought a scroll of immolation for 56 gold pieces
 41701 | D:3      | Bought a scroll of blinking for 97 gold pieces
 43609 | Elf:2    | Found an ancient bone altar of Kikubaaqudgha.
 43678 | Elf:3    | Entered Level 3 of the Elven Halls
 43695 | Elf:3    | Received a gift from Okawaru
 43924 | Elf:3    | Identified Roxanne's Guide on Detritus
 43924 | Elf:3    | Noticed Roxanne
 43966 | Elf:3    | Killed Roxanne
 44444 | Elf:3    | Reached skill level 10 in Dodging
 44542 | Elf:3    | Found the +11 plutonium sword {Contam Stlth-}
 44543 | Elf:3    | Found the dreamshard necklace {Acrobat *Dream}
 44544 | Elf:3    | Identified the +5 falchion of Ragit {antimagic, Str+3}
 44565 | Elf:3    | Identified the staff of an ossuary {rElec rC++ Int-3 Air}
 44581 | Elf:3    | Identified the ring "Egois" {rPois Will+ rCorr AC+4 Int+2}
 44583 | Elf:3    | Identified the +0 scale mail of Dudeih {rElec Dex+2}
 44608 | Elf:3    | Identified the ring "Goesamy" {Fly rElec Will+ Str+8
                  | Slay-2}
 44737 | Elf:3    | Identified the staff "Utygg" {rF+ rC- Str+3 Dex+3 Fire}
 44742 | Elf:3    | Identified the +7 chain mail of the Distant Future {rCorr
                  | SInv}
 45085 | Depths:1 | Entered Level 1 of the Depths
 45247 | Depths:1 | Identified the +1 pair of gloves of Wetuode {Harm} (Okawaru
                  | gifted it to you on level 1 of the Depths)
 45247 | Depths:1 | Received a gift from Okawaru
 45440 | Depths:1 | Found a shimmering altar of Xom.
 45791 | Depths:1 | Reached XP level 23. HP: 144/211 MP: 32/32
 46239 | Depths:1 | Found a gateway to Hell.
 46460 | Depths:2 | Noticed Cetil's ghost (veteran MfIE)
 46460 | Depths:2 | Noticed Qemnul's ghost (veteran MfIE)
 46468 | Depths:2 | Noticed Ulof's ghost (adept HOMo)
 46469 | Depths:2 | Noticed a caustic shrike
 46607 | Depths:2 | Noticed Grunn
 46623 | Depths:2 | Killed Grunn
 46808 | Depths:2 | Found an ornate altar of the Wu Jian Council.
 46819 | Depths:2 | Found Qux Vaex's Weapon Boutique.
 46856 | Depths:2 | Found a one-way gate leading to the halls of Pandemonium.
 47068 | Depths:2 | Received a gift from Okawaru
 47179 | Depths:2 | Found a transporter.
 47183 | Depths:2 | Found a transporter.
 47268 | Depths:2 | Received a gift from Okawaru
 47271 | Depths:2 | Found a runed translucent door.
 47279 | Depths:2 | Noticed an ancient lich
 47281 | Depths:2 | Found a radiant altar of Vehumet.
 48088 | Depths:2 | Noticed a dread lich
 48189 | Depths:2 | Killed a dread lich
 48304 | Depths:2 | Identified the ring of Finality {rElec AC+4 Int+5}
 48409 | Depths:3 | Found Vihyul's Assorted Antiques.
 48421 | Depths:3 | Received a gift from Okawaru
 48873 | Depths:3 | Noticed the Enchantress
 48882 | Depths:3 | Identified the +4 rapier of Theory {vamp, *Slow rN+ Str+5
                  | Stlth+} (Okawaru gifted it to you on level 3 of the Depths)
 48882 | Depths:3 | Received a gift from Okawaru
 48897 | Depths:3 | Killed the Enchantress
 48901 | Depths:3 | Reached skill level 24 in Unarmed Combat
 49001 | Depths:3 | Noticed a juggernaut
 49024 | Depths:3 | Killed a juggernaut
 49061 | Depths:3 | Noticed a golden dragon
 49068 | Depths:3 | Killed a golden dragon
 49070 | Depths:3 | Noticed a caustic shrike
 49079 | Depths:3 | Killed a caustic shrike
 49098 | Depths:3 | Reached XP level 24. HP: 158/222 MP: 32/32
 49106 | Depths:3 | Noticed Vv
 49117 | Depths:3 | Killed Vv
 49117 | Depths:3 | Received a gift from Okawaru
 49402 | Depths:3 | Identified the staff "Doexzat" {rPois SInv Poison}
 49418 | Depths:3 | Identified the +3 pair of gloves of the Were-rabbit {rC+}
 49687 | Depths:4 | Entered Level 4 of the Depths
 50087 | Depths:4 | Identified the +0 chain mail "Rycum" {+Inv rPois rC- Str+3}
 50268 | Depths:4 | Found a gate to the Realm of Zot.
 50885 | Depths:4 | Found a one-way gateway to a ziggurat.
 51317 | Depths:4 | Identified the +3 pair of boots of Ennui {Drain rPois Str+3
                  | Slay+3}
 51985 | Vaults:5 | Entered Level 5 of the Vaults
 52001 | Vaults:5 | Reached skill level 25 in Unarmed Combat
 52008 | Vaults:5 | Identified the amulet of Departure {Reflect Int+3 SH+5
                  | Stlth+}
 52112 | Vaults:5 | Found the +2 cloak of the Thief {*Fog Slay-2 SInv Stlth+}
 52256 | Vaults:5 | Got a silver rune of Zot
 52269 | Vaults:5 | Identified the +2 robe of Ylubim {Drain Fly rCorr Dex+2}
                  | (Okawaru gifted it to you on level 5 of the Vaults)
 52269 | Vaults:5 | Received a gift from Okawaru
 52455 | Vaults:5 | Identified the +5 battleaxe of Dull Guile {flame, rPois
                  | Int+3 Stlth+}
 52724 | Vaults:5 | Identified the +1 executioner's axe of Menlobuv {heavy, rC+
                  | rCorr Int+4 Dex-5}
 52727 | Vaults:5 | Identified the amulet of the Crushed Yaks {Reflect Str+4
                  | Int+3 Slay+3 SH+5}
 52814 | Vaults:5 | Identified the +3 orcbow of Pinessu {drain, rC++ Str+2
                  | Int-4 Dex+3}
 52814 | Vaults:5 | Identified the ring "Vucruiwu" {rPois rF++ rC+ Str+6}
 52955 | Vaults:5 | Got Cistroest's Annotations on the Inferno and Changing
 53064 | Vaults:5 | Reached XP level 25. HP: 185/233 MP: 32/32
 53258 | Vaults:5 | Identified the +6 shortbow of Yrghu {antimagic, +Blink
                  | Str+3 Stlth+}
 53380 | Vaults:5 | Reached skill level 26 in Unarmed Combat
 53395 | Vaults:5 | Noticed a dread lich
 53409 | Vaults:5 | Killed a dread lich
 53445 | Vaults:5 | Identified the +7 halberd of Fate {speed, rC- rCorr Stlth+}
                  | (Okawaru gifted it to you on level 5 of the Vaults)
 53445 | Vaults:5 | Received a gift from Okawaru
 53554 | Vaults:5 | Identified the +9 plate armour of Disaster {Harm}
 54225 | Zot:1    | Entered Level 1 of the Realm of Zot
 54554 | Zot:1    | Reached skill level 1 in Shields
 54704 | Zot:1    | Noticed an orb of fire
 55045 | Zot:1    | Killed an orb of fire
 55077 | Zot:1    | Reached skill level 27 in Unarmed Combat
 55086 | Zot:1    | Received a gift from Okawaru
 55163 | Zot:1    | Acquired 500 gold pieces
 55731 | Zot:1    | Received a gift from Okawaru
 56734 | Zot:5    | Entered Level 5 of the Realm of Zot
 56756 | Zot:5    | Received a gift from Okawaru
 56841 | Zot:5    | Reached skill level 5 in Shields
 56972 | Zot:5    | Noticed an ancient lich
 56983 | Zot:5    | Killed an ancient lich
 56984 | Zot:5    | Reached XP level 26. HP: 241/246 MP: 25/32
 57003 | Zot:5    | Noticed an orb of fire
 57007 | Zot:5    | Reached skill level 15 in Dodging
 57008 | Zot:5    | Killed an orb of fire
 57009 | Zot:5    | Noticed an orb of fire
 57014 | Zot:5    | Identified the -1 pair of gloves of the Vacuum {rF+ rN+
                  | Str+2} (Okawaru gifted it to you on level 5 of the Realm of
                  | Zot)
 57014 | Zot:5    | Received a gift from Okawaru
 57014 | Zot:5    | Noticed a dread lich
 57019 | Zot:5    | Killed an orb of fire
 57023 | Zot:5    | Noticed an orb of fire
 57024 | Zot:5    | Killed a dread lich
 57024 | Zot:5    | Noticed a Killer Klown
 57026 | Zot:5    | Noticed a Killer Klown
 57033 | Zot:5    | Killed an orb of fire
 57059 | Zot:5    | Killed a Killer Klown
 57075 | Zot:5    | Killed a Killer Klown
 57361 | Zot:5    | Noticed an orb of fire
 57373 | Zot:5    | Killed an orb of fire
 57687 | Zot:5    | Noticed an orb of fire
 57693 | Zot:5    | Noticed an orb of fire
 57699 | Zot:5    | Noticed an orb of fire
 58204 | Zot:5    | Killed an orb of fire
 58252 | Zot:5    | Noticed a Killer Klown
 58273 | Zot:5    | Killed a Killer Klown
 58296 | Zot:5    | Killed an orb of fire
 58665 | Zot:5    | Killed an orb of fire
 58665 | Zot:5    | Identified the +0 scale mail "Niutek" {rF+ Str+2} (Okawaru
                  | gifted it to you on level 5 of the Realm of Zot)
 58665 | Zot:5    | Received a gift from Okawaru
 58707 | Zot:5    | Got the Orb of Zot
 58872 | Depths:3 | Noticed Ocojuria the pandemonium lord
 59210 | D:$      | Escaped with the Orb!

Illustrated notes

Levels and vault maps discovered:
D:1:      minmay_arrival_nine_rooms, layout_loops_ring
D:2:      layout_rooms, grunt_ministairs_9
D:3:      layout_basic, zin_purify, mainiacjoe_overflow_tiny_flanked,
          okawaru_metal_pillars_1_2, serial_shops, nicolae_shop_crystal,
          nicolae_shop_just_a_little_nook, shop, shop, nicolae_shop_crystal,
          minmay_misc_feat_alley
D:4:      layout_basic, minivault_26, chequers_serial_rivers_micro_c,
          nicolae_concentric_dashed_squares_wild, patterned_corridor,
          uniq_grinder
D:5:      layout_gridville, uniq_blork_the_orc, uniq_sigmund
D:6:      layout_basic, uniq_pikel
D:7:      layout_gridville, minmay_temple_entry_glass, uniq_maggie
D:8:      layout_basic, uniq_gastronok
D:9:      layout_irregular_city, nicolae_overflow_squiral, marbit_many_paths,
          chequers_mini_garden, grunt_ministairs_1, uniq_harold
D:10:     hangedman_cross_stitches, layout_stronghold,
          mainiacjoe_overflow_alcove_1, nicolae_dithmenos_shadow_blocks,
          corexii_corridor_pit
D:11:     layout_basic, due_lair_maze_entry_diamond, orc_0_dummy,
          serial_demonic, serial_demonic_f, serial_demonic_d, serial_demonic_g,
          serial_demonic_a, uniq_erica
D:12:     layout_loops_cross, gauntlet_entry_generic, uniq_nessos
D:13:     layout_small_grid, serial_shops, shop, kennysheep_mini, shop, shop
D:14:     hourglass_vault, layout_loops_corners, grunt_vaults_entry_tiered,
          serial_bayou_pond_a, nicolae_uskayaw_murder_on_the_dancefloor
D:15:     hangedman_depths_entry_civil_slaughter, layout_loops_ring,
          fedhas_altar_2, serial_shops, shop, palyth_stone_intersect
Lair:1:   beast_lair_carwin_large_1, layout_gridlike, nzn_random_ring
Lair:2:   hellmonk_ruined_rings, layout_misc_corridors, spider_nest_entry_a,
          nzn_sisyphean_effort
Lair:3:   nzn_motion_control, layout_loops_ring, shoals_dummy_entry,
          lemuel_fruit_tree
Lair:4:   layout_regular_city, portal_ice_cave_entry_imps, grunt_megastairs_3,
          serial_bayou_shore_b, infiniplex_staircase_pool_2
Lair:5:   hellmonk_lair_end_abyssal_woods, layout_cave_pods, slime_entry_2,
          basic_altar
Shoals:1: layout_shoals, uniq_nikola
Shoals:2: layout_shoals, lightli_airlock
Shoals:3: layout_shoals
Shoals:4: shoals_end_simple, layout_shoals, uniq_polyphemus
Spider:1: layout_chambers, uniq_donald, uniq_jorgrun, uniq_asterion
Spider:2: layout_chambers, hangedman_spider_tarantella_strand, uniq_azrael
Spider:3: nicolae_spider_broodchamber, uniq_arachne
Spider:4: grunt_spider_rune_parallel, uniq_bai_suzhen, uniq_mara
Orc:1:    layout_caves, minmay_shop_enchanted_jewellery, uniq_josephine,
          uniq_fannar, uniq_nergalle
Orc:2:    st_orc_open, layout_caves, basic_altar
Elf:1:    eino_elf_arrival_the_gate, layout_loops_ring,
          minmay_elf_crystal_hexagon, uniq_agnes
Elf:2:    elven_hall_of_blades_hangedman_original
          [nicolae_blade_entry_floor_patterns], layout_rooms, basic_altar
Elf:3:    minmay_elf_hall_dome, layout_geoelf_grid, grunt_megastairs_1,
          uniq_roxanne
Vaults:1: v_misc_16, v_alt_pattern_5, nicolae_vaults_circle_grid_a,
          ontoclasm_vaults_decontamination, layout_vaults_quadrants,
          serial_shops, shop
Vaults:2: nicolae_vaults_trapezoid_3, vaults_mumra_chevron, v_alt_pattern_6,
          nicolae_vaults_spaceships, v_misc_2, nicolae_vaults_shrinking_rooms_2,
          nicolae_vaults_sesquioval_fish,
          nicolae_vaults_windows_and_doors_thing, sword_in_stone,
          blue_anna_dwarven_crypt, nicolae_vaults_tangram_1, layout_vaults_ring
Vaults:3: nicolae_vaults_alarming, grunt_vaults_swirl,
          vaults_mumra_minichess_inversion, hangedman_vaults_snaps,
          nicolae_vaults_twisting_passages, vaults_mumra_hex,
          grunt_vaults_focal, vaults_mumra_lcd, ontoclasm_vaults_tryst,
          nicolae_vaults_diamond_1, nicolae_vaults_lightning_bolt,
          layout_vaults_omnibox
Vaults:4: st_more_cells, ontoclasm_vaults_eye, hangedman_vaults_impose,
          nicolae_vaults_tangram_2, nicolae_vaults_house_1,
          nicolae_vaults_trapezoid_lopsided_1, nicolae_vaults_circle_grid_b,
          nicolae_vaults_network_quincunx
          [nicolae_vaults_network_quincunx_subvault,
          nicolae_vaults_network_quincunx_subvault,
          nicolae_vaults_network_quincunx_subvault,
          nicolae_vaults_network_quincunx_subvault,
          nicolae_vaults_network_quincunx_subvault], hangedman_vaults_slither,
          hangedman_vaults_nodes, nicolae_vaults_border_crossing,
          nicolae_vaults_ring_of_whatevers, nicolae_vaults_more_shelving_2,
          nicolae_vaults_little_squares_6, nicolae_vaults_house_3,
          layout_vaults_maze_bifur
Vaults:5
Depths:1: layout_twisted_cross, columned_hall_lemuel, hell_entry, st_stairs_9,
          hangedman_abyss_or_decor_clamps, led_xom_imps, serial_bayou_shore_b
Depths:2: minmay_skeletal_surprise, layout_gridlike, nzn_ghost_randoct,
          serial_curves, eino_curves_04, eino_curves_02, serial_shops, shop,
          grunt_metal_band, nzn_wu_jian_contemplation, pan_entry,
          grunt_absolute_annihilation, infiniplex_staircase_split_hallway,
          uniq_grunn
Depths:3: evilmike_diamond_2, layout_honeycomb, abyss_entry,
          rand_demon_pan_entry_3, serial_shops, shop_fountains, hell_entry,
          hangedman_decor_riveting, drop_trap, chequers_serial_rivers_micro_c,
          kennysheep_two_boxes, minmay_staircase_bubble, uniq_enchantress,
          uniq_vv
Depths:4: evilmike_zot_entry_argh, layout_cave_shapes, enter_ziggurat_c,
          serial_bayou_pond_a, grunt_hell_entry_dis_mu,
          grunt_pan_entry_in_and_out
Zot:1:    layout_twisted_circle, bh_zot_ikea_curve
Zot:2:    layout_twisted_circle, skrybe_zot_glass_2, lemuel_elevator
Zot:3:    layout_cathedral_of_symmetry, skrybe_zot_glass_1
Zot:4:    hellmonk_paralyzer, layout_misc_corridors
Zot:5:    layout_onion

Skill      XL: |  1  2  3  4  5  6  7  8  9 10 11 12 13 14 15 16 17 18 19 20 21 22 23 24 25 26 |
---------------+-------------------------------------------------------------------------------+-----
Dodging        | 3 4 6 8 11 12 13 14 17 | 17.8
Unarmed Combat | 4 5 6 7 9 10 12 13 14 16 18 19 21 22 23 24 25 27 | 27.0
Fighting       | 4 5 6 7 8 9 10 11 13 14 15 16 17 18 19 20 21 22 | 22.0
Stealth        | 1 2 4 |  4.0
Invocations    | 1 2 4 5 6 8 9 11 12 13 14 | 14.5
Armour         | 1 3 5 7 8 10 11 12 13 14 16 17 19 20 21 | 21.0
Throwing       | 1 6 9 11 12 13 | 13.1
Shields        | 5 8 |  8.0

Action                     |  1- 3 |  4- 6 |  7- 9 | 10-12 | 13-15 | 16-18 | 19-21 | 22-24 | 25-27 || total
---------------------------+-------+-------+-------+-------+-------+-------+-------+-------+-------++-------
  Melee: Unarmed           |    86 |   104 |   113 |   493 |   912 |  1129 |  1223 |  1281 |   659 ||  6000
         Punch             |       |     5 |     7 |    40 |    58 |   104 |   242 |    65 |    29 ||   550
   Fire: Triple crossbow   |       |       |       |    19 |       |       |       |       |       ||    19
  Throw: Dart              |       |     1 |     8 |    10 |       |     3 |       |     1 |       ||    23
         Boomerang         |       |       |       |    11 |       |    45 |    32 |       |    16 ||   104
         Throwing net      |       |       |       |     1 |       |       |       |       |       ||     1
         Javelin           |       |       |       |       |       |     6 |    62 |   140 |    66 ||   274
 Invoke: Heroism           |       |     3 |     1 |     4 |     5 |     6 |     9 |     7 |     6 ||    41
         Finesse           |       |       |       |     1 |     4 |     5 |     7 |     7 |     6 ||    30
  Evoke: Wand              |       |       |       |    12 |     1 |     3 |       |     1 |     1 ||    18
         Lightning rod     |       |       |       |     1 |     7 |    10 |     9 |     2 |       ||    29
         Phial of floods   |       |       |       |       |       |     2 |     2 |       |       ||     4
    Use: Potion            |     1 |       |       |     2 |       |    11 |    19 |     5 |     7 ||    45
         Scroll            |     2 |     9 |     1 |     9 |     7 |    19 |    14 |     6 |     7 ||    74
   Stab: Sleeping          |       |     2 |     1 |     1 |       |       |       |       |       ||     4
         Distracted        |       |       |     1 |     1 |       |       |       |     1 |       ||     3
         Held in net/web   |       |       |       |     2 |       |       |       |       |       ||     2
         Petrified         |       |       |       |       |     1 |       |     6 |       |       ||     7
 Armour: Robe              |     5 |       |       |       |       |       |       |       |       ||     5
         Leather armour    |     6 |    19 |    17 |       |       |       |       |       |       ||    42
         Scale mail        |       |       |     4 |       |       |       |       |       |       ||     4
         Acid dragon scale |       |       |     4 |   110 |       |       |       |       |       ||   114
         Chain mail        |       |       |       |    32 |   515 |   362 |       |       |       ||   909
         Skin              |       |       |       |       |     2 |       |       |       |       ||     2
         Plate armour      |       |       |       |       |       |   231 |       |       |       ||   231
         Crystal plate arm |       |       |       |       |       |   134 |   334 |   417 |       ||   885
         Storm dragon scal |       |       |       |       |       |       |   465 |   143 |       ||   608
         Gold dragon scale |       |       |       |       |       |       |       |    73 |   413 ||   486
  Dodge: Dodged            |    42 |    51 |    84 |   407 |   648 |   651 |   508 |   375 |   217 ||  2983
         Repelled          |       |       |       |       |       |     3 |       |       |       ||     3
  Block: Orb               |       |       |       |       |       |       |       |   103 |       ||   103
         Reflection        |       |       |       |       |       |       |       |     6 |     3 ||     9
         Other             |       |       |       |       |       |       |       |    42 |    14 ||    56
         Buckler           |       |       |       |       |       |       |       |       |   228 ||   228

Table legend: (Time is in decaauts)
 A = Elapsed time spent in this place.
 B = Non-inter-level travel time spent in this place.
 C = Inter-level travel time spent in this place.
 D = Time resting spent in this place.
 E = Time spent auto-exploring this place.
 F = Levels seen in this place.
 G = Mean time per level.
                   A        B        C        D        E       F      G
               +--------+--------+--------+--------+--------+-----+--------+
         Total |  56703 |  51673 |   5030 |   8819 |  30070 |  50 | 1134.1 |
       Dungeon |  15921 |  13701 |   2220 |   1717 |   8657 |  15 | 1061.4 |
          Lair |   5110 |   4657 |    453 |    126 |   3361 |   5 | 1022.0 |
        Shoals |   4280 |   4129 |    151 |    302 |   2726 |   4 | 1070.0 |
   Spider Nest |   6131 |   5546 |    585 |   1286 |   2980 |   4 | 1532.8 |
  Orcish Mines |   1375 |    985 |    390 |      0 |    718 |   2 |  687.5 |
   Elven Halls |   3927 |   3660 |    267 |    912 |   1806 |   3 | 1309.0 |
        Vaults |   8221 |   7687 |    534 |    795 |   5084 |   5 | 1644.2 |
        Depths |   7048 |   6655 |    393 |   1764 |   3579 |   4 | 1762.0 |
           Zot |   3660 |   3626 |     34 |   1427 |   1133 |   5 |  732.0 |
         Abyss |      5 |      5 |      0 |      0 |      0 |   1 |    5.0 |
      Ice Cave |    785 |    785 |      0 |    439 |     25 |   1 |  785.0 |
      Gauntlet |    234 |    234 |      0 |     49 |      0 |   1 |  234.0 |
               +--------+--------+--------+--------+--------+-----+--------+

Top non-repeatable levels by time:
Depths:4: 2278 daAuts
Spider:4: 2213 daAuts
Depths:3: 2118 daAuts
Vaults:1: 1849 daAuts
   Zot:5: 1821 daAuts
Vaults:5: 1779 daAuts
   Elf:1: 1778 daAuts
Shoals:4: 1736 daAuts
    D:11: 1661 daAuts
Vaults:2: 1583 daAuts
    D:14: 1577 daAuts
Spider:2: 1553 daAuts
Vaults:3: 1526 daAuts
     D:1: 1505 daAuts
     D:9: 1500 daAuts
